 Dungeon Crawl Stone Soup version 0.30-a0-847-g17996783a1 (webtiles) character file.

Game seed: 7442506024841631713

43 Darkkill the Shooter (level 3, -3/31 HPs)
             Began as a Minotaur Hunter on Mar 3, 2023.
             Slain by an orc priest
             ... wielding a +0 war axe
              (7 damage)
             ... on level 2 of the Dungeon.
             The game lasted 00:01:09 (833 turns).

Darkkill the Shooter (Minotaur Hunter)               Turns: 833, Time: 00:01:10

Health: -3/31      AC:  4    Str: 15    XL:     3   Next: 37%
Magic:  2/2        EV: 12    Int:  6    God:
Gold:   69         SH:  0    Dex: 15    Spells: 2/2 levels left

rFire   . . .      SeeInvis .    a - +0 shortbow
rCold   . . .      Faith    .    (shield currently unavailable)
rNeg    . . .      Spirit   .    c - +0 leather armour
rPois   .          Reflect  .    (helmet restricted)
rElec   .          Rampage  .    (no cloak)
rCorr   .                        (no gloves)
Will    .....                    h - +0 pair of boots
Stlth   ++                       (no amulet)
HPRegen 0.25/turn                (no ring)
MPRegen 0.08/turn                (no ring)

@: no status effects
A: horns 2, retaliatory headbutt
a: no special abilities


You were on level 2 of the Dungeon.
You visited 1 branch of the dungeon, and saw 2 of its levels.

You collected 69 gold pieces.

Inventory:

Hand Weapons
 a - a +0 shortbow (weapon)
Missiles
 d - 6 poisoned darts
 g - 23 stones
Armour
 c - a +0 leather armour (worn)
 h - a +0 pair of boots (worn)
Scrolls
 b - a scroll of immolation
 e - a scroll of teleportation
 k - a scroll of identify {@r1}
Potions
 f - a potion of cancellation {unknown}
 j - a potion of magic {unknown}


   Skills:
 + Level 3.1 Fighting
 + Level 4.7 Ranged Weapons
 + Level 2.8 Dodging
 + Level 1.5 Stealth


You had 2 spell levels left.
You didn't know any spells.
Your spell library was empty.

Dungeon Overview and Level Annotations

Branches:
Dungeon (2/15)

Altars:


Innate Abilities, Weirdness & Mutations

You have a pair of horns on your head.
You reflexively headbutt those who attack you in melee.


Message History

You shoot an arrow. The arrow misses the bat.
You hear a shout!
The bat hits you but does no damage.
A bat is nearby!
You shoot an arrow. The arrow misses the bat.
The bat closely misses you. You furiously retaliate!
You headbutt the bat.
You kill the bat!
A kobold comes into view. It is wielding a +0 club.
You shoot an arrow. The arrow barely misses the kobold.
The kobold throws a stone.
The stone barely misses you.
A kobold comes into view. It is wielding a +0 dagger.
You shoot an arrow. The arrow hits the kobold.
You kill the kobold!
A kobold is nearby!
A kobold is nearby!
A kobold is nearby!
You shoot an arrow. The arrow closely misses the kobold.
The kobold throws a stone.
The stone hits you but does no damage.
A kobold is nearby!
You shoot an arrow. The arrow hits the kobold!
You kill the kobold!
No target in view!
g - 23 stones (gained 2)
Things that are here:
a +0 club; a kobold corpse
k - a scroll of identify {@r1} No target in view!
Found a chain mail.
No target in view!
An orc priest comes into view. It is wielding a +0 war axe.
You shoot an arrow.
The arrow hits the orc priest but does no damage.
The orc priest shouts!
You hear a shout!
An orc comes into view. It is wielding a +0 club.
There are monsters nearby!
There are monsters nearby!
You shoot an arrow. The orc shouts!
The arrow hits the orc priest.
The orc priest is lightly wounded.
You hear a shout!
An endoplasm comes into view.
An orc comes into view. It is wielding a +0 hand axe.
You shoot an arrow. The arrow barely misses the orc priest.
The orc shouts!
An orc comes into view. It is wielding a +0 mace.
There are monsters nearby!
You shoot an arrow.
The arrow closely misses the orc priest.
The orc priest calls down the wrath of Beogh upon you.
Pain shoots through your body!
The orc priest hits you with a +0 war axe.
An orc comes into view. It is wielding a +0 club.
The endoplasm hits you.
There are monsters nearby!
You are too injured to fight recklessly!
You are too injured to fight recklessly!
You are too injured to fight recklessly!
You are too injured to fight recklessly!
You feel better. The endoplasm freezes you.
You are frozen.
Fire: a) +0 shortbow
Press: ? - help, Q - select action, (/) - cycle Shift-Dir - straight line, f/p - orc priest
Aim: an orc priest, wielding a +0 war axe and wearing a +0 leather armour (62% to hit)
You shoot an arrow. The arrow hits the orc!
You kill the orc!
The endoplasm freezes you.
You are frozen.
Fire: a) +0 shortbow
Press: ? - help, Q - select action, (/) - cycle Shift-Dir - straight line, f/p - orc priest
Aim: an orc priest, wielding a +0 war axe and wearing a +0 leather armour (62% to hit)
You shoot an arrow.
The arrow completely misses the orc priest.
The arrow hits the orc.
The orc is heavily wounded.
The orc priest hits you with a +0 war axe.
* * * LOW HITPOINT WARNING * * *
The endoplasm barely misses you. You furiously retaliate!
You headbutt the endoplasm. The orc closely misses you.
Fire: a) +0 shortbow
Press: ? - help, Q - select action, (/) - cycle Shift-Dir - straight line, f/p - orc priest
Aim: an orc priest, wielding a +0 war axe and wearing a +0 leather armour (62% to hit)
You shoot an arrow. The arrow hits the orc priest.
The orc priest is moderately wounded.
The orc priest mumbles some strange prayers to Beogh against you.
Pain shoots through your body!
* * * LOW HITPOINT WARNING * * *
The endoplasm misses you. The orc misses you.
Fire: a) +0 shortbow
Press: ? - help, Q - select action, (/) - cycle Shift-Dir - straight line, f/p - orc priest
Aim: an orc priest, wielding a +0 war axe and wearing a +0 leather armour (moderately wounded, 62% to hit)
You shoot an arrow.
The arrow closely misses the orc priest.
The orc priest looks satisfied for a moment.
The endoplasm hits you.
* * * LOW HITPOINT WARNING * * *
The orc closely misses you. x2
The orc priest hits you with a +0 war axe!
You die...

#.# #.# #.#
#.# #.# #.#
#.. #.# #
##. #.#####
#. #
#.....# .#
# #####.#
.# #
#.#####o#.#
#
#.....@Jo.#
# ####
#######oo.#
# .... ...#
##..## ...#
.....# ...#
##......
...# #
.#### ...#
# .. ...# #
##


You could see an orc priest, 3 orcs and an endoplasm.

Vanquished Creatures
  2 dart slugs (D:1)
  An orc (D:2)
  2 ball pythons (D:1)
  4 endoplasms (D:1)
  A goblin (D:2)
  3 hobgoblins (D:1)
  2 quokkas (D:1)
  6 bats
  3 frilled lizards
  10 kobolds
  A rat (D:1)
35 creatures vanquished.

Notes
Turn   | Place    | Note
-------+----------+-------------------------------------------
     0 | D:1      | Darkkill the Minotaur Hunter began the quest for the Orb.
     0 | D:1      | Reached XP level 1. HP: 18/18 MP: 0/0
    76 | D:1      | Reached skill level 1 in Stealth
   102 | D:1      | Reached XP level 2. HP: 25/25 MP: 1/1
   424 | D:1      | Reached XP level 3. HP: 31/31 MP: 2/2
   832 | D:2      | HP: 4/31 [orc priest/nerve-wracking pain (3)]
   833 | D:2      | Slain by an orc priest

Illustrated notes

Levels and vault maps discovered:
D:1:      scummos_arrival_simple_fountains, layout_basic
D:2:      layout_loops_ring, basic_altar, kennysheep_donut, nrook_loot_triangle

Skill      XL: |  1  2 |
---------------+-------+-----
Stealth        | 1 |  1.5
Fighting       | 3 |  3.1
Ranged Weapons | |  4.7
Dodging        | |  2.8

Action                     || total
---------------------------++-------
   Fire: Shortbow          ||   101
    Use: Scroll            ||     3
         Potion            ||     1
 Armour: Leather armour    ||    24
  Dodge: Dodged            ||    25

Table legend: (Time is in decaauts)
 A = Elapsed time spent in this place.
 B = Non-inter-level travel time spent in this place.
 C = Inter-level travel time spent in this place.
 D = Time resting spent in this place.
 E = Time spent auto-exploring this place.
 F = Levels seen in this place.
 G = Mean time per level.
                   A        B        C        D        E       F      G
               +--------+--------+--------+--------+--------+-----+--------+
         Total |    864 |    833 |     31 |      0 |    641 |   2 |  432.0 |
       Dungeon |    864 |    833 |     31 |      0 |    641 |   2 |  432.0 |
               +--------+--------+--------+--------+--------+-----+--------+

Top non-repeatable levels by time:
     D:1: 696 daAuts
     D:2: 167 daAuts

Table legend:
 A = Kills in this place as a percentage of kills in the entire game.
 B = Kills by you in this place as a percentage of kills by you in the entire game.
 C = Kills by friends in this place as a percentage of kills by friends in the entire game.
 D = Other kills in this place as a percentage of other kills in the entire game.
 E = Experience gained in this place as a percentage of experience gained in the entire game.
 F = Experience gained in this place divided by the number of levels of this place that you have seen.
                   A       B       C       D       E      F
               +-------+-------+-------+-------+-------+----------------------
         Total | 100.0 | 100.0 |   N/A |   N/A | 100.0 |  31.0
       Dungeon | 100.0 | 100.0 |   N/A |   N/A | 100.0 |  31.0
               +-------+-------+-------+-------+-------+----------------------
